Map: Fear and Faith LE

Players

naane - Winner!

  • Race: Protoss Protoss

VOD

Have the link to the VOD?

Description

Time

  • Played on: Aug. 22, 2026, 4:54 p.m.
  • Length: 15:04
Show
View Real Time Build Order
Export as new Build Order

naane Protoss - Winner!

Build Orders:  

Get SALT Encoding   

  8  0:00  Probe (Chrono Boost)  
  9  0:12  Probe (Chrono Boost)  
  10  0:24  Probe (Chrono Boost)  
  12  0:40  Probe (Chrono Boost)  
  12  0:49  Pylon  
  12  0:57  Probe (Chrono Boost)  
  13  1:16  Probe (Chrono Boost)  
  14  1:25  Gateway  
  14  1:31  Probe (Chrono Boost)  
  15  1:42  Probe (Chrono Boost)  
  16  1:56  Probe (Chrono Boost)  
  16  1:58  Assimilator  
  17  2:13  Probe (Chrono Boost)  
  17  2:17  Forge  
  19  2:30  Probe (Chrono Boost)  
  19  2:39  Zealot  
  21  2:42  Pylon  
  21  3:09  Probe (Chrono Boost)  
  22  3:18  Cybernetics Core  
  22  3:20  Zealot  
  22  3:26  Probe (Chrono Boost)  
  25  3:45  Pylon  
  25  3:54  Nexus  
  25  3:59  Zealot  
  27  4:12  Probe (Chrono Boost)  
  28  4:22  Assimilator  
  28  4:33  Gateway  
  28  4:45  Photon Cannon  
  28  4:48  Stalker  
  28  4:54  Probe (Chrono Boost)  
  31  5:13  Probe (Chrono Boost)  
  32  5:22  Protoss Ground Weapons Level 1 (Chrono Boost)  
  32  5:29  Probe (Chrono Boost)  
  33  5:30  Zealot  
  33  5:33  Warp Gate  
  33  5:36  Probe (Chrono Boost)  
  35  5:48  Probe (Chrono Boost)  
  37  5:55  Zealot  
  39  6:08  Zealot  
  42  6:11  Probe (Chrono Boost)  
  42  6:13  Probe (Chrono Boost)  
  43  6:27  Probe (Chrono Boost)  
  44  6:30  Zealot, Pylon  
  44  6:31  Probe (Chrono Boost)  
  44  6:34  Pylon  
  45  6:42  Stalker  
  45  6:49  Zealot  
  49  7:04  Stalker  
  49  7:05  Zealot  
  49  7:08  Probe x2 (Chrono Boost), Twilight Council  
  57  7:35  Probe (Chrono Boost)  
  57  7:37  Probe (Chrono Boost)  
  59  7:44  Assimilator  
  59  7:49  Assimilator  
  59  8:06  Probe x2 (Chrono Boost)  
  61  8:23  Probe x2 (Chrono Boost)  
  61  8:29  Protoss Ground Weapons Level 2  
  65  8:40  Probe x2 (Chrono Boost)  
  65  8:55  Stalker  
  65  8:57  Stalker  
  65  8:58  Gateway  
  65  9:01  Gateway  
  65  9:02  Gateway  
  65  9:05  Pylon  
  65  9:09  Pylon  
  61  9:13  Pylon  
  61  9:14  Stalker  
  61  9:16  Stalker  
  61  9:17  Pylon  
  61  9:32  Charge  
  65  9:42  Probe (Chrono Boost)  
  66  9:54  Probe (Chrono Boost)  
  66  9:59  Nexus, Probe (Chrono Boost)  
  68  10:04  Gateway  
  69  10:11  Probe (Chrono Boost)  
  65  10:50  Stalker x4  
  65  10:51  Stalker  
  75  11:09  Probe x2 (Chrono Boost)  
  77  11:25  Probe (Chrono Boost)  
  78  11:41  Robotics Facility  
  78  11:48  Probe x2 (Chrono Boost)  
  78  11:49  Probe (Chrono Boost)  
  81  11:50  Stalker  
  81  11:51  Stalker x3  
  81  11:55  Zealot  
  91  12:03  Probe (Chrono Boost)  
  92  12:32  Stalker x4  
  92  12:33  Stalker  
  92  12:53  Blink  
  80  13:11  Pylon  
  80  13:32  Warp Prism  
  82  13:47  Gateway  
  82  13:50  Stalker x2  
  82  13:51  Stalker x3  
  82  13:52  Stalker  
  88  14:40  Stalker  
  88  14:42  Stalker x3  
  88  14:43  Stalker x2  
Tags
 
Add a new tag
Caveats
  • Supply blocks, unpowered buildings, or Contaminate may cause inaccurate times.
  • Supply counts are checked every 10 seconds.